 Dungeon Crawl Stone Soup version 0.29.0-11-gd7f09526c8 (webtiles) character file.

Game seed: 13464148269671841108

176 smilodon the Covered (level 5, -1/41 HPs)
             Began as a Demonspawn Fighter on Sept 6, 2022.
             Slain by a gnoll
             ... wielding a +0 whip
              (2 damage)
             ... on level 4 of the Dungeon.
             The game lasted 00:04:28 (2782 turns).

smilodon the Covered (Demonspawn Fighter)           Turns: 2782, Time: 00:04:29

Health: -1/41      AC: 11    Str: 18    XL:     5   Next: 30%
Magic:  5/5        EV:  7    Int:  9    God:
Gold:   182        SH:  0    Dex: 13    Spells: 4/4 levels left

rFire   . . .      SeeInvis .   a - +0 trident (vamp)
rCold   . . .      Faith    .   (no shield)
rNeg    . . .      Spirit   .   k - +0 chain mail
rPois   .          Reflect  .   e - +1 helmet
rElec   .          Harm     .   (no cloak)
rCorr   .          Rampage  .   (no gloves)
Will    .....                   (no boots)
Stlth   ..........              (no amulet)
HPRegen 0.13/turn               (no ring)
MPRegen 0.09/turn               (no ring)

@: on berserk cooldown, slowed, very slow
A: demonic guardian 1, demonic touch 1, hooves 1, high MP 1
a: no special abilities


You were on level 4 of the Dungeon.
You visited 1 branch of the dungeon, and saw 4 of its levels.

You collected 182 gold pieces.

Inventory:

Hand Weapons
 a - a +0 vampiric trident (weapon)
Armour
 b - a +0 scale mail
 c - a +0 buckler
 e - a +1 helmet (worn)
 k - a +0 chain mail (worn)
Wands
 r - a wand of polymorph (7)
Scrolls
 h - a scroll of brand weapon
 l - 2 scrolls of teleportation
 o - a scroll of noise
Potions
 n - 2 potions of curing
 p - a potion of lignification


   Skills:
 - Level 3.4 Fighting
 + Level 3.4 Polearms
 + Level 4.0 Armour
 - Level 3.1 Shields


You had 4 spell levels left.
You didn't know any spells.
Your spell library contained the following spells:

 Spells                   Type           Power      Damage    Failure   Level
 Foxfire                  Conj/Fire      0%         2x1d4     99%         1
 Conjure Flame            Conj/Fire      0%         6-21      100%        3
 Ignite Poison            Fire/Tmut/Pois 0%         N/A       100%        3
 Inner Flame              Hex/Fire       0%         N/A       100%        3
 Cause Fear               Hex            0%         N/A       100%        4
 Flame Wave               Conj/Fire      0%         2d4       100%        4
 Sticky Flame             Conj/Fire      0%         2d3       100%        4
 Discord                  Hex            0%         N/A       100%        8


Dungeon Overview and Level Annotations

Branches:
Dungeon (4/15)
 Temple: D:4-7

Altars:


Innate Abilities, Weirdness & Mutations

A weak demonic guardian rushes to your aid.
Your touch may inflict minor irresistible damage on your foes.
You have large cloven feet.
You have an increased reservoir of magic. (+10% MP)


Message History

You miss something. Your kick misses something.
The scorpion completely misses you.
A gnoll comes into view. It is wielding a +0 club.
Something hits you but does no damage.
The gnoll hits your quasit with a +0 whip.
The gnoll hits your quasit with a +0 spear.
Your quasit dies!
Your quasit disappears in a puff of smoke!
The gnoll barely misses you.
You closely miss something.
The gnoll shouts!
Your touch misses something.
You hear a shout!
The scorpion stings you.
You closely miss something. Something hits you but does no damage.
The gnoll hits you but does no damage.
The scorpion stings you but does no damage.
You puncture something!
You feel better.
Reactivating autopickup.
You feel a bit more experienced.
The gnoll hits you but does no damage. x2
The scorpion stings you.
Your Armour skill increases to level 4!
You are no longer berserk.
You are exhausted.
You feel yourself slow down. The gnoll hits you but does no damage.
The scorpion stings you. The gnoll hits you with a +0 whip.
Things that are here:
a +0 dagger; a +0 robe; an orc corpse You barely miss the scorpion.
The scorpion stings you.
The gnoll barely misses you. x2; The scorpion stings you.
You closely miss the scorpion. Your kick misses the scorpion.
Your touch misses the scorpion. The gnoll hits you with a +0 whip!
* * * LOW HITPOINT WARNING * * *
The gnoll hits you but does no damage.
The scorpion stings you but does no damage.
The orc priest mumbles some strange prayers to Beogh against you.
Beogh smites you!
* * * LOW HITPOINT WARNING * * *
The gnoll hits you but does no damage. The gnoll hits you with a +0 whip.
You die...

########
#.)....#
#.@.<..#
#gsg...#
#####ogg...##
....g.o....<#
###.........#
.....)......#
............#
..........>.#
............#


You could see a scorpion, an orc priest, 4 gnolls, an orc and a goblin.

Vanquished Creatures
  3 orc wizards
  3 adders (D:2)
  A dart slug (D:2)
  6 orcs
  7 endoplasms
  6 giant cockroaches
  6 goblins
  3 hobgoblins
  7 jackals (D:1)
  2 quokkas
  4 ball pythons
  3 bats
  3 frilled lizards
  7 kobolds
  2 rats (D:1)
63 creatures vanquished.

Notes
Turn   | Place    | Note
-------+----------+-------------------------------------------
     0 | D:1      | smilodon the Demonspawn Fighter began the quest for the
                  | Orb.
     0 | D:1      | Reached XP level 1. HP: 18/18 MP: 1/1
    96 | D:1      | Gained mutation: Your touch may inflict minor irresistible
                  | damage on your foes. [demonic ancestry]
    96 | D:1      | Reached XP level 2. HP: 24/24 MP: 2/2
   511 | D:1      | Reached skill level 3 in Armour
   671 | D:1      | Gained mutation: You have an increased reservoir of magic.
                  | (+10% MP) [potion of mutation]
   671 | D:1      | Gained mutation: You have large cloven feet. [potion of
                  | mutation]
   858 | D:2      | Gained mutation: A weak demonic guardian rushes to your
                  | aid. [demonic ancestry]
   858 | D:2      | Reached XP level 3. HP: 29/29 MP: 3/3
  1217 | D:2      | Reached XP level 4. HP: 27/35 MP: 4/4
  2030 | D:3      | Reached XP level 5. HP: 41/41 MP: 5/5
  2780 | D:4      | Reached skill level 4 in Armour
  2782 | D:4      | HP: 1/41 [orc priest/divine providence (9)]
  2782 | D:4      | Slain by a gnoll

Illustrated notes

Levels and vault maps discovered:
D:1:      heliophobic_arrival_battle_scene, layout_loops_ring, minivault_26,
          minivault_4
D:2:      layout_basic
D:3:      layout_basic
D:4:      layout_rooms, grunt_ashenzari_visionary
          [grunt_ashenzari_visionary_shoals, grunt_ashenzari_visionary_spider]

Skill      XL: |  1  2  3  4  5 |
---------------+----------------+-----
Polearms       | 2 3 |  3.4
Armour         | 3 4 |  4.0
Shields        | 3 |  3.1
Fighting       | |  3.4

Action                   |  1- 3 |  4- 6 || total
-------------------------+-------+-------++-------
Melee: Trident           |   102 |    81 ||   183
       Touch             |     7 |     9 ||    16
       Kick              |     3 |    12 ||    15
  Use: Scroll            |     4 |     6 ||    10
       Potion            |     2 |     7 ||     9
Armor: Scale mail        |    39 |       ||    39
       Chain mail        |     4 |    62 ||    66
Dodge: Dodged            |    28 |    19 ||    47
Block: Buckler           |     1 |       ||     1
